 Dungeon Crawl Stone Soup version 0.17.2-1-ge4368a0 (webtiles) character file.

4677 tidbits the Fighter (level 10, 0/93 HPs)
             Began as a Demigod Necromancer on Sept 7, 2017.
             Slain by a wolf (6 damage)
             ... on level 1 of the Lair of Beasts.
             The game lasted 00:33:28 (2771 turns).

tidbits the Fighter (Demigod Necromancer)           Turns: 2771, Time: 00:33:29

Health: 0/93       AC:  4    Str: 11    XL:     10   Next: 1%
Magic:  18/20      EV: 14    Int: 23    God:
Gold:   296        SH:  0    Dex: 18    Spells: 5 memorised, 6 levels left

rFire  . . .     SeeInvis .     M - +1 war axe (venom)
rCold  . . .     Clarity  .     K - +0 leather armour {rN+}
rNeg   + + .     SustAt   +     (no shield)
rPois  .         Gourm    .     (no helmet)
rElec  .         Spirit   .     C - +0 cloak
rCorr  .         Warding  .     (no gloves)
rMut   .         Stasis   .     (no boots)
MR     +....                    (no amulet)
Stlth  ++........               (no ring)
                                r - ring of positive energy

@: somewhat resistant to hostile enchantments, unstealthy
A: high mp 1, sustain attributes
a: no special abilities


You were on level 1 of the Lair of Beasts.
You were hungry.

You visited 2 branches of the dungeon, and saw 12 of its levels.

You collected 296 gold pieces.

Inventory:

Hand Weapons
 a - a +0 flail of protection
   (You took it off an orc on level 4 of the Dungeon)
 v - a +0 blowgun
   (You took it off a kobold on level 3 of the Dungeon)
 z - a +0 whip
   (You found it on level 2 of the Dungeon)
 H - a +1 whip of flaming
   (You took it off Pikel on level 7 of the Dungeon)
 M - a +1 war axe of venom (weapon)
   (You took it off an orc on level 10 of the Dungeon)
Missiles
 d - 153 stones (quivered)
 e - 21 poisoned needles
 i - 41 bolts
 p - 53 arrows
 A - 4 tomahawks
Armour
 q - a +0 cloak
   (You found it on level 2 of the Dungeon)
 B - a +0 robe
 C - a +0 cloak (worn)
   (You found it on level 5 of the Dungeon)
 K - a +0 leather armour of positive energy (worn)
   (You took it off an orc on level 10 of the Dungeon)
Magical Staves
 f - an uncursed staff of fire {unknown}
   (You found it on level 9 of the Dungeon)
Jewellery
 r - a ring of positive energy (left hand)
   (You found it on level 2 of the Dungeon)
 y - an uncursed ring of ice
   (You found it on level 4 of the Dungeon)
 L - an uncursed ring of fire
   (You found it on level 11 of the Dungeon)
Wands
 j - a wand of heal wounds (0)
   (You found it on level 10 of the Dungeon)
 l - a wand of fire (2)
   (You found it on level 1 of the Lair of Beasts)
 s - a wand of random effects (0)
   (You found it on level 2 of the Dungeon)
 u - a wand of paralysis (17)
   (You found it on level 10 of the Dungeon)
 G - a wand of draining (0)
   (You took it off Pikel on level 7 of the Dungeon)
 J - a wand of polymorph (7)
   (You found it on level 10 of the Dungeon)
Scrolls
 g - 4 scrolls of remove curse
 k - 3 scrolls of teleportation
 F - a scroll of amnesia {unknown}
Potions
 o - a potion of agility
 t - a potion of brilliance
 N - a potion of curing
Books
 b - a book of Necromancy

   Spells                             Type                      Level
   a - Pain                           Necromancy                   1
   b - Animate Skeleton               Necromancy                   1
   c - Vampiric Draining              Necromancy                   3
   d - Regeneration                   Charms/Necromancy            3
   e - Animate Dead                   Necromancy                   4
   f - Control Undead                 Necromancy                   4
 x - a Necronomicon
   (You found it on level 4 of the Dungeon)

   Spells                             Type                      Level
   a - Haunt                          Necromancy/Summoning         7
   b - Borgnjor's Revivification      Necromancy                   8
   c - Death's Door                   Charms/Necromancy            8
   d - Necromutation                  Transmutation/Necromancy     8
 D - a book of Summonings
   (You found it on level 6 of the Dungeon)

   Spells                             Type                      Level
   a - Recall                         Summoning/Translocation      3
   b - Aura of Abjuration             Summoning                    5
   c - Shadow Creatures               Summoning                    5
   d - Summon Demon                   Summoning                    5
   e - Summon Forest                  Summoning/Translocation      5
   f - Summon Mana Viper              Hexes/Summoning              5
Comestibles
 c - 3 bread rations
 m - 4 fruits
 n - 2 meat rations
 w - 3 chunks of flesh
 E - 2 beef jerkies
 I - a royal jelly


   Skills:
 - Level 10.0 Fighting
 + Level 3.8 Dodging
 - Level 2.0 Stealth
 + Level 3.2 Unarmed Combat
 - Level 4.5 Spellcasting
 - Level 7.4 Necromancy


You had 6 spell levels left.
You knew the following spells:

 Your Spells              Type           Power        Failure   Level  Hunger
n - Animate Skeleton      Necr           N/A          1%          1    None
r - Regeneration          Chrm/Necr      ###.......   12%         3    ##.....
u - Control Undead        Necr           #####.....   8%          4    ####...
v - Vampiric Draining     Necr           #####.....   1%          3    ##.....
z - Pain                  Necr           ####         1%          1    None


Dungeon Overview and Level Annotations

Branches:
Dungeon (11/15)              Lair (1/8) D:9
 Temple: D:4-7          Orc: D:9-12


Innate Abilities, Weirdness & Mutations

You have an increased reservoir of magic (+10% MP).
Your attributes are resistant to harm.


Message History

You feel much better.
This wand has 1 charge left.
The wolf bites you.
* * * LOW HITPOINT WARNING * * *
The wolf bites you!
* * * LOW HITPOINT WARNING * * *
The wolf closely misses you.
Unknown command.
You miss the wolf.
The wolf is heavily wounded.
You barely miss the wolf.
The wolf is heavily wounded.
The wolf bites you.
* * * LOW HITPOINT WARNING * * *
The wolf closely misses you. The wolf bites you but does no damage.
The wolf bites you but does no damage. The wolf bites you.
* * * LOW HITPOINT WARNING * * *
Unknown command.
Casting: Regeneration
Confirm with . or Enter, or press ? or * to list all spells.
Your skin crawls.
The wolf bites you but does no damage. The wolf barely misses you.
The wolf bites you but does no damage. The wolf closely misses you.
Unknown command.
You miss the wolf.
The wolf is heavily wounded.
You barely miss the wolf.
The wolf is heavily wounded.
The wolf bites you but does no damage. The wolf barely misses you.
The wolf completely misses you. The wolf bites you but does no damage.
The wolf barely misses you.
Unknown command.
You closely miss the wolf.
The wolf is heavily wounded.
You slash the wolf!
The wolf looks even sicker.
The wolf is severely wounded.
You kill the wolf!
Your Unarmed Combat skill increases to level 3!
The wolf looks more healthy.
The wolf bites you.
* * * LOW HITPOINT WARNING * * *
The wolf bites you.
* * * LOW HITPOINT WARNING * * *
The wolf bites you.
* * * LOW HITPOINT WARNING * * *
The wolf closely misses you.
Evoke which item? (* to show all) (? for menu, Esc to quit)
Zapping:
j - a wand of heal wounds (1)
Press: ? - help, Shift-Dir - straight line, f - you You feel much better.
This wand has 0 charges left.
The wolf barely misses you. The wolf barely misses you. The wolf bites you.
* * * LOW HITPOINT WARNING * * *
Unknown command.
You barely miss the wolf. You hit the wolf but do no damage.
The wolf is poisoned.
The wolf is heavily wounded.
The wolf bites you.
* * * LOW HITPOINT WARNING * * *
The wolf barely misses you. The wolf bites you!
* * * LOW HITPOINT WARNING * * *
The wolf misses you. The wolf bites you but does no damage. The wolf bites you.
* * * LOW HITPOINT WARNING * * *
Unknown command.
Drink which item? (? for menu, Esc to quit)
You feel much better.
Your skin is crawling a little less now.
The wolf bites you. The wolf bites you!
* * * LOW HITPOINT WARNING * * *
The wolf barely misses you.
Unknown command.
You miss the wolf.
The wolf is heavily wounded.
You closely miss the wolf. The wolf bites you!
* * * LOW HITPOINT WARNING * * *
The wolf bites you.
* * * LOW HITPOINT WARNING * * *
The wolf barely misses you. The wolf bites you!
* * * LOW HITPOINT WARNING * * *
The wolf misses you.
You hit the wolf.
The wolf looks even sicker.
The wolf is almost dead.
You miss the wolf. The wolf misses you. The wolf misses you.
The wolf bites you!
* * * LOW HITPOINT WARNING * * *
The wolf misses you. The wolf closely misses you.
Unknown command.
You hit the wolf.
The wolf is almost dead.
You hit the wolf.
The wolf is poisoned.
The wolf is lightly wounded.
You kill the wolf!
You have reached level 10!
The wolf bites you.
* * * LOW HITPOINT WARNING * * *
The wolf barely misses you. The wolf closely misses you.
Unknown command.
You miss the wolf.
The wolf is moderately wounded.
Your skin stops crawling.
The wolf misses you. The wolf bites you.
* * * LOW HITPOINT WARNING * * *
The wolf bites you.
You die...

..... #.##.............
....
......#.#P.............
#.#..
......#.##.............
.....
........##......#......
.... ......#..#.....##
##### ...............#
...$.......h...#
.......######h##
......# #@†# #.....
#..#.# #..... .........
#.........$....##
........###....# ..
....## . #.... #. .#


You could see a wolf.

Vanquished Creatures
  Pikel (D:7)
  A centaur skeleton (D:10)
  3 two-headed ogres (D:10)
  A fire drake (D:9)
  10 yaks
  4 wolves (Lair:1)
  2 slaves (D:7)
  An ogre (D:9)
  2 phantoms
  4 giant frogs
  3 jellies
  2 hounds
  A worker ant (D:4)
  3 iguanas
  3 orc wizards
  4 adders
  2 oozes
  21 orcs
  4 hobgoblins
  2 jackals (D:4)
  3 kobolds
  2 quokkas
  A ball python (D:1)
  A bat (D:1)
  4 giant cockroaches
  2 giant newts
  2 goblins
  A quokka skeleton (D:7)
  2 rats
92 creatures vanquished.

Vanquished Creatures (collateral kills)
  2 yaks (D:10)
  A black bear (D:9)
  An orc warrior (D:10)
  A giant frog (D:10)
  A jelly (D:10)
  An orc wizard (D:10)
  An adder (D:10)
  An adder skeleton (D:6)
  3 orcs
  A giant cockroach (D:2)
  A giant newt (D:1)
14 creatures vanquished.

Vanquished Creatures (others)
  A giant frog (D:7)
1 creature vanquished.

Grand Total: 107 creatures vanquished

Notes
Turn   | Place    | Note
--------------------------------------------------------------
     0 | D:1      | tidbits the Demigod Necromancer began the quest for the Orb.
     0 | D:1      | Reached XP level 1. HP: 14/14 MP: 5/5
     2 | D:1      | Learned a level 1 spell: Animate Skeleton
    58 | D:1      | Reached skill level 2 in Stealth
    98 | D:1      | Reached skill level 2 in Dodging
   140 | D:1      | Reached XP level 2. HP: 5/20 MP: 4/7
   257 | D:2      | Reached skill level 2 in Spellcasting
   257 | D:2      | Reached skill level 4 in Necromancy
   315 | D:2      | Found an opulent altar of Gozag.
   426 | D:2      | Reached XP level 3. HP: 9/26 MP: 2/9
   431 | D:2      | Learned a level 3 spell: Vampiric Draining
   558 | D:3      | Found an iron altar of Okawaru.
   635 | D:4      | Noticed a phantom
   639 | D:4      | Killed a phantom
   639 | D:4      | Reached skill level 5 in Necromancy
   639 | D:4      | Reached XP level 4. HP: 21/33 MP: 11/11
   701 | D:4      | Reached skill level 3 in Spellcasting
   701 | D:4      | Reached XP level 5. HP: 20/38 MP: 0/12
   805 | D:4      | Learned a level 3 spell: Regeneration
   879 | D:5      | Entered Level 5 of the Dungeon
  1016 | D:6      | Noticed a phantom
  1109 | D:6      | Reached XP level 6. HP: 21/45 MP: 5/14
  1204 | D:7      | Reached skill level 6 in Necromancy
  1295 | D:7      | Learned a level 4 spell: Control Undead
  1317 | D:7      | Noticed a hungry ghost
  1325 | D:7      | Found a snail-covered altar of Cheibriados.
  1352 | D:7      | Noticed Pikel
  1380 | D:7      | Killed Pikel
  1380 | D:7      | Reached skill level 4 in Spellcasting
  1380 | D:7      | Reached skill level 7 in Necromancy
  1380 | D:7      | Reached XP level 7. HP: 40/50 MP: 0/17
  1490 | D:9      | Noticed a fire drake
  1491 | D:9      | Found a staircase to the Lair.
  1495 | D:9      | Killed a fire drake
  1495 | D:9      | Reached skill level 2 in Fighting
  1530 | D:9      | Noticed a yak
  1531 | D:9      | Noticed a yak
  1531 | D:9      | Noticed a yak
  1533 | D:9      | Noticed a yak
  1533 | D:9      | Noticed a yak
  1544 | D:9      | Noticed a yak
  1585 | D:9      | Killed a yak
  1585 | D:9      | Reached skill level 3 in Fighting
  1585 | D:9      | Reached XP level 8. HP: 36/66 MP: 14/18
  1588 | D:9      | Killed a yak
  1588 | D:9      | Reached skill level 4 in Fighting
  1593 | D:9      | Killed a yak
  1593 | D:9      | Reached skill level 5 in Fighting
  1596 | D:9      | Killed a yak
  1599 | D:9      | Killed a yak
  1599 | D:9      | Reached skill level 6 in Fighting
  1602 | D:9      | Killed a yak
  1644 | Lair:1   | Entered Level 1 of the Lair of Beasts
  1756 | D:9      | Reached skill level 7 in Fighting
  1777 | D:10     | Entered Level 10 of the Dungeon
  1786 | D:10     | Noticed a two-headed ogre
  1791 | D:10     | Killed a two-headed ogre
  1815 | D:10     | Noticed a troll
  1917 | D:10     | Reached skill level 8 in Fighting
  1917 | D:10     | Reached XP level 9. HP: 81/81 MP: 19/19
  1942 | D:10     | Reached skill level 9 in Fighting
  2005 | D:10     | Noticed a two-headed ogre
  2011 | D:10     | Killed a two-headed ogre
  2064 | D:10     | Noticed a two-headed ogre
  2079 | D:10     | Killed a two-headed ogre
  2086 | D:10     | Reached skill level 10 in Fighting
  2210 | D:8      | Found an ancient bone altar of Kikubaaqudgha.
  2230 | D:9      | Reached skill level 1 in Unarmed Combat
  2258 | D:9      | Found Daonenaj's Antique Weapon Shop.
  2355 | D:11     | Noticed a hill giant
  2435 | D:11     | Noticed a white ugly thing
  2473 | D:10     | Noticed a centaur skeleton
  2487 | D:10     | Killed a centaur skeleton
  2487 | D:10     | Reached skill level 3 in Dodging
  2487 | D:10     | Reached skill level 2 in Unarmed Combat
  2546 | D:11     | Noticed a cyan ugly thing
  2597 | D:9      | Found a glowing silver altar of Zin.
  2759 | Lair:1   | HP: 8/85 [wolf (7)]
  2764 | Lair:1   | Reached skill level 3 in Unarmed Combat
  2770 | Lair:1   | Reached XP level 10. HP: 13/93 MP: 18/20
  2771 | Lair:1   | HP: 6/93 [wolf (6)]
  2771 | Lair:1   | Slain by a wolf

Action                   |  1- 3 |  4- 6 |  7- 9 | 10-12 || total
-------------------------+-------+-------+-------+-------++-------
Melee: Unarmed           |     6 |       |       |       ||     6
       Whip              |     8 |    12 |       |       ||    20
       Flail             |       |    46 |   157 |       ||   203
       War axe           |       |       |    14 |     1 ||    15
 Cast: Pain              |    34 |    21 |    15 |       ||    70
       Animate Skeleton  |     9 |     7 |    16 |       ||    32
       Vampiric Draining |       |    14 |    29 |       ||    43
       Regeneration      |       |       |    14 |       ||    14
Evoke: Wand              |     3 |     6 |    11 |       ||    20
  Use: Potion            |       |     2 |     2 |       ||     4
       Scroll            |       |     1 |    10 |       ||    11
 Stab: Paralysed         |       |     3 |       |       ||     3
       Sleeping          |       |       |     2 |       ||     2
       Distracted        |       |       |     1 |       ||     1
  Eat: Chunk             |       |     3 |     7 |       ||    10

Table legend:
 A = Turns spent in this place as a percentage of turns spent in the entire game.
 B = Non-inter-level travel turns spent in this place as a percentage of non-inter-level travel turns spent in the entire game.
 C = Inter-level travel turns spent in this place as a percentage of turns spent in this place.
 D = Turns resting spent in this place as a percentage of non-inter-level travel turns spent in this place.
 E = Turns spent auto-exploring this place as a percentage of non-inter-level travel turns spent in this place.
 F = Non-inter-level travel turns spent in this place divided by the number of levels of this place that you've seen.
                   A       B       C       D       E      F
               +-------+-------+-------+-------+-------+----------------------
         Total | 100.0 | 100.0 |   0.2 |   0.0 |   0.0 | 210.1
       Dungeon |  93.7 |  93.7 |   0.2 |   0.0 |   0.0 | 214.8
          Lair |   6.3 |   6.3 |   0.6 |   0.0 |   0.0 | 158.0
               +-------+-------+-------+-------+-------+----------------------

Table legend:
 A = Kills in this place as a percentage of kills in entire the game.
 B = Kills by you in this place as a percentage of kills by you in the entire game.
 C = Kills by friends in this place as a percentage of kills by friends in the entire game.
 D = Other kills in this place as a percentage of other kills in the entire game.
 E = Experience gained in this place as a percentage of experience gained in the entire game.
 F = Experience gained in this place divided by the number of levels of this place that you have seen.
                   A       B       C       D       E      F
               +-------+-------+-------+-------+-------+----------------------
         Total | 100.0 | 100.0 | 100.0 |  -nan | 100.0 | 556.8
       Dungeon |  95.2 |  94.4 | 100.0 |  -nan |  88.7 | 538.8
          Lair |   4.8 |   5.6 |   0.0 |  -nan |  11.3 | 755.0
               +-------+-------+-------+-------+-------+----------------------

Vault maps used:
D:1:      minmay_arrival_stair_chambers
D:2:      lemuel_crystal_altar, st_stairs_9, mrwooster_statue_mirror
D:3:      lemuel_crystal_altar, okawaru_gym_becter
D:4:      first_bread
D:5:      marbit_many_paths, minmay_misc_feat_five
D:7:      minmay_temple_entry_poolview, basic_altar, uniq_pikel
D:8:      nicolae_overflow_hidden_temple, enter_ossuary_1
D:9:      zin_treasury, minmay_lair_entry_lava, serial_shops, shop, uniq_erolcha
D:10:     hangedman_ranch, kennysheep_generic_room_9
D:11:     erik_orc_3, minmay_orc_keep
